 Dungeon Crawl Stone Soup version 0.30.1-4-g462c640d31 (webtiles) character file.

Game seed: 11892960987349331383

879 Wiggles the Chopper (level 7, 0/62 HPs)
             Began as a Minotaur Berserker on Sept 11, 2023.
             Was a Priest of Trog.
             Slain by a gnoll
             ... wielding a +0 spear
             ... led by a gnoll sergeant
              (5 damage)
             ... on level 6 of the Dungeon.
             The game lasted 00:04:25 (2650 turns).

Wiggles the Chopper (Minotaur Berserker)            Turns: 2650, Time: 00:04:26

Health: 0/62       AC:  7    Str: 23    XL:     7   Next: 75%
Magic:  6/6        EV: 12    Int:  6    God:    Trog [***...]
Gold:   183        SH:  5    Dex: 12    Spells: 6/6 levels left

rFire   . . .        d - +0 war axe
rCold   + . .        (no shield)
rNeg    . . .        p - +1 ring mail "Zopely" {rC+ Int+2 Dex+2}
rPois   .            (helmet restricted)
rElec   .            (no cloak)
rCorr   .            (no gloves)
SInv    .            (no boots)
Will    +....        o - amulet of reflection
Stlth   +            l - ring of willpower
HPRegen 0.30/turn    (no ring)
MPRegen 0.10/turn

%: reflection
@: on berserk cooldown, slowed, very slow
A: horns 2, retaliatory headbutt
a: Renounce Religion, Berserk, Trog's Hand


You were on level 6 of the Dungeon.
You worshipped Trog.
Trog was most pleased with you.
You visited 1 branch of the dungeon, and saw 5 of its levels.

You collected 248 gold pieces.
You spent 65 gold pieces at shops.

Inventory:

Hand Weapons
 d - a +0 war axe (weapon)
Armour
 p - the +1 ring mail "Zopely" (worn) {rC+ Int+2 Dex+2}
   (You found it on level 3 of the Dungeon)

   Int:       It affects your intelligence (+2).
   Dex:       It affects your dexterity (+2).
   rC:        It protects you from cold.
Jewellery
 l - a ring of willpower (left hand)
 o - an amulet of reflection (around neck)
Scrolls
 c - 4 scrolls of identify {unknown}
 e - a scroll of teleportation {unknown}
 k - 2 scrolls of blinking {unknown}
 m - 2 scrolls of magic mapping {unknown}
 n - a scroll of vulnerability {unknown}
 r - a scroll of enchant weapon {unknown}
 t - a scroll of enchant armour {unknown}
Potions
 a - a potion of magic {unknown}
 b - 2 potions of attraction {unknown}
 f - 3 potions of curing {unknown}
 g - a potion of mutation {unknown}
 h - a potion of flight {unknown}
 i - 2 potions of lignification {unknown}
 j - 3 potions of resistance {unknown}
 q - a potion of heal wounds
 s - a potion of berserk rage {unknown}


   Skills:
 + Level 5.9 Fighting
 + Level 7.9 Axes
 + Level 4.5 Armour
 + Level 4.3 Dodging
 + Level 1.0 Stealth
 + Level 1.5 Shields


You had 6 spell levels left.
You didn't know any spells.
Your spell library was empty.

Dungeon Overview and Level Annotations

Branches:
Dungeon (4/15)
 Temple: D:4-7

Altars:
Sif Muna
Trog
Wu Jian

Shops:
D:4 !

Annotations:
D:6 3 runed translucent doors, Cassiopeia's ghost, novice MfGl; GasterBasher2's ghost, novice MiBe; Rem's ghost, novice OpTm; growler's ghost, novice TeAE


Innate Abilities, Weirdness & Mutations

You have a pair of horns on your head.
You reflexively headbutt those who attack you in melee.


Message History

You barely miss the steam dragon.
The steam dragon is lightly wounded.
You slash the steam dragon!
The steam dragon is moderately wounded.
The steam dragon misses you. You furiously retaliate!
You headbutt the steam dragon. The steam dragon barely misses you.
You slice the steam dragon!!
You kill the steam dragon!
Trog accepts your kill.
The steam dragon scales are intact enough to wear.
The gnoll throws a stone.
The stone hits you but does no damage.
You are no longer berserk.
You are exhausted.
You feel yourself slow down. The gnoll hits you but does no damage.
Things that are here:
+0 steam dragon scales; a steam dragon corpse You barely miss the gnoll.
The gnoll hits you with a +0 club.
* * * LOW HITPOINT WARNING * * *
You hit the gnoll.
The gnoll is moderately wounded.
The gnoll closely misses you.
A gnoll comes into view. It is wielding a +0 spear.
The gnoll hits you with a +0 club.
* * * LOW HITPOINT WARNING * * *
The gnoll shouts!
You hit the gnoll. You punch the gnoll.
The gnoll is heavily wounded.
The gnoll closely misses you. You furiously retaliate!
You headbutt the gnoll.
The gnoll hits you from afar with a +0 spear.
* * * LOW HITPOINT WARNING * * *
You barely miss the gnoll.
The gnoll is severely wounded.
You block the gnoll's attack. The gnoll completely misses you.
The gnoll closely misses you. You block the gnoll's attack.
You hit the gnoll.
You kill the gnoll!
Trog accepts your kill. The gnoll hits you but does no damage.
The gnoll hits you from afar with a +0 spear.
You die...

#.# # #.# #. #.#
.##.# ...# g.#
#)# #@# #)#
####.#######
##.#....†......
#.........#####
..#####.#..###
#°......#
########.≈☼≈§≈.#
........§≈≈≈≈§.#


You could see a gnoll.

Vanquished Creatures
  Sigmund (D:2)
  A steam dragon (D:6)
  A centaur (D:6)
  2 bullfrogs (D:6)
  A gnoll sergeant (D:6)
  2 jellies (D:6)
  An orc priest (D:3)
  An iguana (D:6)
  An orc wizard (D:6)
  Robin (D:2)
  7 adders
  A gnoll (D:6)
  2 worms (D:3)
  8 dart slugs (D:3)
  6 orcs
  5 endoplasms
  2 giant cockroaches
  14 goblins
  5 hobgoblins
  3 jackals (D:1)
  3 quokkas
  4 ball pythons
  6 bats
  3 kobolds
  4 rats
85 creatures vanquished.

Notes
Turn   | Place    | Note
-------+----------+-------------------------------------------
     0 | D:1      | Wiggles the Minotaur Berserker began the quest for the Orb.
     0 | D:1      | Reached XP level 1. HP: 19/19 MP: 0/0
   179 | D:1      | Reached XP level 2. HP: 8/27 MP: 1/1
   397 | D:1      | Reached skill level 4 in Axes
   658 | D:2      | Reached XP level 3. HP: 12/33 MP: 2/2
   763 | D:2      | Reached ** piety under Trog
   917 | D:2      | Noticed Sigmund
   927 | D:2      | Killed Sigmund
   928 | D:2      | Reached skill level 5 in Fighting
   928 | D:2      | Reached skill level 5 in Axes
   928 | D:2      | Reached XP level 4. HP: 42/42 MP: 3/3
   928 | D:2      | Reached XP level 5. HP: 48/48 MP: 4/4
  1245 | D:2      | Noticed Robin
  1255 | D:2      | Killed Robin
  1537 | D:3      | Reached XP level 6. HP: 51/56 MP: 5/5
  1613 | D:3      | Reached skill level 6 in Axes
  1777 | D:3      | Identified the +1 ring mail "Zopely" {rC+ Int+2 Dex+2}
  2048 | D:3      | Found an ornate altar of the Wu Jian Council.
  2048 | D:3      | Found a bloodstained altar of Trog.
  2334 | D:4      | Found Qarch's Distillery.
  2344 | D:4      | Bought a potion of heal wounds for 65 gold pieces
  2378 | D:4      | You fall into a shaft and drop 2 floors!
  2394 | D:6      | Reached *** piety under Trog
  2435 | D:6      | Found a runed translucent gate.
  2435 | D:6      | Found a runed translucent gate.
  2435 | D:6      | Found a runed translucent gate.
  2436 | D:6      | Noticed Cassiopeia's ghost (novice MfGl)
  2436 | D:6      | Noticed GasterBasher2's ghost (novice MiBe)
  2436 | D:6      | Noticed Rem's ghost (novice OpTm)
  2436 | D:6      | Noticed growler's ghost (novice TeAE)
  2488 | D:6      | Reached skill level 1 in Stealth
  2550 | D:6      | Reached skill level 7 in Axes
  2550 | D:6      | Reached XP level 7. HP: 58/61 MP: 6/6
  2586 | D:6      | Found a shimmering blue altar of Sif Muna.
  2631 | D:6      | Noticed a steam dragon
  2637 | D:6      | Reached skill level 1 in Shields
  2644 | D:6      | Killed a steam dragon
  2650 | D:6      | Slain by a gnoll

Illustrated notes

Levels and vault maps discovered:
D:1:      dpeg_arrival_arbitrary_c, layout_basic, serial_curves, eino_curves_01,
          eino_curves_02
D:2:      layout_basic, minmay_misc_feat_room, st_stairs_7, uniq_robin,
          uniq_sigmund
D:3:      kennysheep_slugbush, layout_loops_cross,
          mainiacjoe_overflow_divided_tiny
D:4:      layout_basic, serial_shops, nicolae_shop_hallway_stairs,
          minmay_ruined_shrine
D:6:      layout_loops_ring, nicolae_sif_muna_condensation,
          gammafunk_ghost_cemetery

Skill      XL: |  1  2  3  4  5  6  7 |
---------------+----------------------+-----
Axes           | 4 5 7 |  7.9
Fighting       | 4 5 |  5.9
Armour         | 3 4 |  4.5
Dodging        | 3 4 |  4.3
Stealth        | 1 |  1.0
Shields        | 1 |  1.5

Action                     |  1- 3 |  4- 6 |  7- 9 || total
---------------------------+-------+-------+-------++-------
  Melee: Hand axe          |    18 |       |       ||    18
         Headbutt          |     8 |    22 |     1 ||    31
         War axe           |    23 |    98 |    23 ||   144
         Punch             |     1 |     2 |     1 ||     4
 Invoke: Berserk           |     1 |     1 |     1 ||     3
 Armour: Animal skin       |    13 |     3 |       ||    16
         Leather armour    |       |     6 |       ||     6
         Ring mail         |       |    32 |     8 ||    40
  Dodge: Dodged            |    37 |    54 |    10 ||   101
  Block: Other             |       |    14 |     6 ||    20
         Reflection        |       |     2 |       ||     2
